 Dungeon Crawl Stone Soup version 0.26-a0-1025-g006ef2cfcc (webtiles) character file.

Game seed: 5335643924964314711

149 Gargoyl the Skirmisher (level 5, -2/47 HPs)
             Began as a Gnoll Abyssal Knight on Dec 9, 2020.
             Was a Follower of Lugonu.
             Slain by an orc priest
             ... wielding a +0 mace
              (3 damage)
             ... on level 2 of the Dungeon.
             The game lasted 00:02:55 (2054 turns).

Gargoyl the Skirmisher (Gnoll Abyssal Knight)       Turns: 2054, Time: 00:02:57

Health: -2/47      AC:  7    Str: 15    XL:     5   Next: 31%
Magic:  8/8        EV: 11    Int: 14    God:    Lugonu [*.....]
Gold:   83         SH:  7    Dex: 15    Spells: 6/6 levels left

rFire    . . .     SeeInvis .   a - +1 hand axe
rCold    . . .     Faith    .   c - +3 buckler
rNeg     . . .     Spirit   .   f - +0 ring mail
rPois    .         Reflect  .   d - +0 helmet
rElec    .         Harm     .   (no cloak)
rCorr    .         Rampage  .   (no gloves)
Will     .....                  (no boots)
Stlth    +.........             (no amulet)
HPRegen  0.15/turn              (no ring)
MPRegen  0.11/turn              (no ring)

@: no status effects
A: distributed training, fangs 1, strong nose
a: Depart the Abyss, Renounce Religion


You were on level 2 of the Dungeon.
You worshipped Lugonu.
Lugonu was aware of your devotion.
You visited 1 branch of the dungeon, and saw 3 of its levels.
You visited the Abyss 1 time.

You collected 83 gold pieces.

Inventory:

Hand Weapons
 a - a +1 hand axe (weapon)
Armour
 c - a +3 buckler (worn)
 d - a +0 helmet (worn)
 f - a +0 ring mail (worn)
Wands
 b - a wand of iceblast (6)
Scrolls
 e - a scroll of teleportation {unknown}


   Skills:
 + Level 6.7 Fighting
 + Level 1.4 Short Blades
 + Level 1.4 Long Blades
 + Level 4.7 Axes
 + Level 1.4 Maces & Flails
 + Level 1.4 Polearms
 + Level 1.4 Staves
 + Level 1.4 Slings
 + Level 1.4 Bows
 + Level 1.4 Crossbows
 + Level 1.4 Throwing
 + Level 4.7 Armour
 + Level 2.9 Dodging
 + Level 1.4 Stealth
 + Level 1.4 Shields
 + Level 1.4 Unarmed Combat
 + Level 1.4 Spellcasting
 + Level 1.1 Conjurations
 + Level 1.1 Hexes
 + Level 1.1 Summonings
 + Level 1.1 Necromancy
 + Level 1.1 Translocations
 + Level 1.1 Transmutations
 + Level 1.1 Fire Magic
 + Level 1.1 Ice Magic
 + Level 1.1 Air Magic
 + Level 1.1 Earth Magic
 + Level 1.1 Poison Magic
 + Level 4.8 Invocations
 + Level 1.4 Evocations


You had 6 spell levels left.
You didn't know any spells.
Your spell library contained the following spells:

 Spells                   Type           Power        Failure   Level
 Gell's Gravitas          Tloc           #.........   77%         3
 Portal Projectile        Hex/Tloc       #.....       77%         3
 Dispersal                Tloc           #.........   100%        6
 Disjunction              Tloc           #.........   100%        8


Dungeon Overview and Level Annotations

Branches:
Dungeon (3/15)

Altars:
Uskayaw


Innate Abilities, Weirdness & Mutations

Your experience applies equally to all skills.
You have very sharp teeth.
Your uncanny sense of smell can sniff out nearby items.


Message History

The orc priest is almost dead.
The orc priest hits you with a +0 mace.
* * * LOW HITPOINT WARNING * * *
You hit the orc priest but do no damage.
The orc priest is almost dead.
The orc priest hits you with a +0 mace.
* * * LOW HITPOINT WARNING * * *
You hit the orc priest but do no damage.
The orc priest is almost dead.
The orc priest hits you with a +0 mace.
* * * LOW HITPOINT WARNING * * *
You aren't carrying any potions.
You hit the orc priest but do no damage.
The orc priest is almost dead.
The orc priest closely misses you.
You hit the orc priest but do no damage.
Your bite misses the orc priest.
The orc priest is almost dead.
The orc priest hits you with a +0 mace.
You die...

..####..## #.##.# ...<.....##
#.##.# ..........###.##.#
#.##..........##.#
#.####......#....############
#.# #..#..#...=#............#
#.# #.##...###.#..<...########
..###.##.#.....).....###.....#
............###.@###.....(...#
##..####.#...##..o#####......#
##.## #.###..##..## #......#
#..# #.# ##..#...####......#
#.## #.# ##...#..##.......#
#<# #.#######.##....#.....#
..# #.)...........#.#######
.## ###).#####.#...#......# ##
#.....## #.###........#


You could see an orc priest.

Vanquished Creatures
  An orc wizard (D:3)
  2 orc priests (D:3)
  A worm (D:2)
  2 dart slugs (D:1)
  3 leopard geckos
  10 orcs
  5 goblins
  3 hobgoblins (D:1)
  6 jackals
  A quokka (D:2)
  2 bats (D:2)
  A frilled lizard (D:1)
  2 kobolds
  3 rats
42 creatures vanquished.

Notes
Turn   | Place    | Note
-------+----------+-------------------------------------------
     0 | Abyss:1  | Gargoyl the Gnoll Abyssal Knight began the quest for the
                  | Orb.
     0 | Abyss:1  | Reached XP level 1. HP: 23/23 MP: 3/3
    37 | Abyss:1  | Noticed a chaos spawn
    72 | Abyss:2  | Found a corrupted altar of Lugonu.
    73 | Abyss:2  | Noticed a demonic crawler
    76 | Abyss:2  | Noticed a raiju
    77 | Abyss:2  | Noticed a raiju
    79 | D:1      | Escaped the Abyss
   228 | D:1      | Reached XP level 2. HP: 29/29 MP: 5/5
   491 | D:1      | Reached * piety under Lugonu
   814 | D:1      | Found a hide-covered altar of Uskayaw.
   958 | D:2      | Reached XP level 3. HP: 31/35 MP: 6/6
  1276 | D:3      | Reached skill level 1 in Short Blades
  1276 | D:3      | Reached skill level 1 in Long Blades
  1276 | D:3      | Reached skill level 1 in Maces & Flails
  1276 | D:3      | Reached skill level 1 in Polearms
  1276 | D:3      | Reached skill level 1 in Staves
  1276 | D:3      | Reached skill level 1 in Slings
  1276 | D:3      | Reached skill level 1 in Bows
  1276 | D:3      | Reached skill level 1 in Crossbows
  1276 | D:3      | Reached skill level 1 in Throwing
  1276 | D:3      | Reached skill level 1 in Stealth
  1276 | D:3      | Reached skill level 1 in Shields
  1276 | D:3      | Reached skill level 1 in Unarmed Combat
  1276 | D:3      | Reached skill level 1 in Spellcasting
  1276 | D:3      | Reached skill level 1 in Evocations
  1276 | D:3      | Reached XP level 4. HP: 41/41 MP: 7/7
  1290 | D:3      | HP: 2/41 [something/puff of flame (10)]
  1292 | D:3      | Reached skill level 1 in Conjurations
  1292 | D:3      | Reached skill level 1 in Hexes
  1292 | D:3      | Reached skill level 1 in Summonings
  1292 | D:3      | Reached skill level 1 in Necromancy
  1292 | D:3      | Reached skill level 1 in Translocations
  1292 | D:3      | Reached skill level 1 in Transmutations
  1292 | D:3      | Reached skill level 1 in Fire Magic
  1292 | D:3      | Reached skill level 1 in Ice Magic
  1292 | D:3      | Reached skill level 1 in Air Magic
  1292 | D:3      | Reached skill level 1 in Earth Magic
  1292 | D:3      | Reached skill level 1 in Poison Magic
  1714 | D:3      | Reached XP level 5. HP: 25/47 MP: 8/8
  2052 | D:2      | HP: 1/47 [orc priest/+0 mace (5)]
  2054 | D:2      | Slain by an orc priest

Illustrated notes

Levels and vault maps discovered:
D:1:      dpeg_arrival_water_altar, layout_basic
D:2:      layout_rooms
D:3:      layout_basic, minmay_overflow_temple_star_hex

Skill      XL: |  1  2  3  4 |
---------------+-------------+-----
Short Blades   | 1 |  1.4
Long Blades    | 1 |  1.4
Maces & Flails | 1 |  1.4
Polearms       | 1 |  1.4
Staves         | 1 |  1.4
Slings         | 1 |  1.4
Bows           | 1 |  1.4
Crossbows      | 1 |  1.4
Throwing       | 1 |  1.4
Stealth        | 1 |  1.4
Shields        | 1 |  1.4
Unarmed Combat | 1 |  1.4
Spellcasting   | 1 |  1.4
Evocations     | 1 |  1.4
Conjurations   | 1 |  1.1
Hexes          | 1 |  1.1
Summonings     | 1 |  1.1
Necromancy     | 1 |  1.1
Translocations | 1 |  1.1
Transmutations | 1 |  1.1
Fire Magic     | 1 |  1.1
Ice Magic      | 1 |  1.1
Air Magic      | 1 |  1.1
Earth Magic    | 1 |  1.1
Poison Magic   | 1 |  1.1
Fighting       | |  6.7
Axes           | |  4.7
Armour         | |  4.7
Dodging        | |  2.9
Invocations    | |  4.8

Action                   |  1- 3 |  4- 6 || total
-------------------------+-------+-------++-------
Melee: Hand axe          |    63 |    66 ||   129
       Bite              |     3 |     5 ||     8
Invok: Depart the Abyss  |     1 |       ||     1
Evoke: Wand              |       |     3 ||     3
  Use: Scroll            |     3 |       ||     3
       Potion            |       |     1 ||     1
Armor: Leather armour    |    10 |     7 ||    17
       Ring mail         |       |     8 ||     8
Dodge: Dodged            |    32 |    42 ||    74
Block: Buckler           |    25 |    30 ||    55

Table legend: (Time is in decaauts)
 A = Elapsed time spent in this place.
 B = Non-inter-level travel time spent in this place.
 C = Inter-level travel time spent in this place.
 D = Time resting spent in this place.
 E = Time spent auto-exploring this place.
 F = Levels seen in this place.
 G = Mean time per level.
                   A        B        C        D        E       F      G
               +--------+--------+--------+--------+--------+-----+--------+
         Total |   2070 |   2036 |     34 |    534 |   1153 |   5 |  414.0 |
       Dungeon |   1991 |   1957 |     34 |    534 |   1107 |   3 |  663.7 |
         Abyss |     78 |     78 |      0 |      0 |     46 |   2 |   39.0 |
               +--------+--------+--------+--------+--------+-----+--------+

Top non-repeatable levels by time:
     D:2: 776 daAuts
     D:1: 759 daAuts
     D:3: 455 daAuts
 Abyss:1: 48 daAuts
 Abyss:2: 30 daAuts
